 Dungeon Crawl Stone Soup version 0.31-a0-1581-g41d5ff3e7b (webtiles) character file.

Game seed: 10560270984219552163

4899 Gargoyl the Cleaver (level 10, 0/96 HPs)
             Began as a Gargoyle Berserker on Jan 5, 2024.
             Was a High Priest of Trog.
             Slain by a black bear (3 damage)
             ... on level 7 of the Dungeon.
             The game lasted 00:08:50 (6419 turns).

Gargoyl the Cleaver (Gargoyle Berserker)            Turns: 6419, Time: 00:08:51

Health: 0/96       AC: 15    Str: 21    XL:     10   Next: 51%
Magic:  10/10      EV: 11    Int:  8    God:    Trog [*****.]
Gold:   341        SH:  0    Dex: 13    Spells: 9/9 levels left

rFire   . . .        i - +0 broad axe (heavy)
rCold   . . .        (no shield)
rNeg    + . .        h - +0 scale mail
rPois   ∞            (no helmet)
rElec   +            (no cloak)
rCorr   .            (no gloves)
SInv    .            (no boots)
Will    ++...        d - amulet of regeneration Stlth
                     (no ring)
HPRegen 2.16/turn    (no ring)
MPRegen 0.12/turn

%: no passive effects
@: berserking (expiring), strong-willed, regenerating, very quick
A: sickness immunity, AC +7, negative energy resistance 1, electricity
resistance, torment resistance 1, petrification resistance
a: Renounce Religion, Berserk, Trog's Hand, Brothers in Arms


You were on level 7 of the Dungeon.
You worshipped Trog.
Trog was extremely pleased with you.
You visited 1 branch of the dungeon, and saw 7 of its levels.
You also visited: Sewer and Ossuary.

You collected 341 gold pieces.

Inventory:

Hand Weapons
 a - a +1 hand axe
 i - a +0 heavy broad axe (weapon)
 y - a +2 vampiric falchion
Missiles
 k - 20 poisoned darts (quivered)
Armour
 h - a +0 scale mail (worn)
Jewellery
 d - an amulet of regeneration (around neck)
 o - a ring of ice
Wands
 t - a wand of charming (9)
Scrolls
 q - a scroll of identify
 r - 2 scrolls of revelation
 s - 2 scrolls of teleportation
 v - a scroll of fear
Potions
 b - 2 potions of enlightenment
 c - 5 potions of might {unknown}
 e - 2 potions of curing
 f - 4 potions of brilliance {unknown}
 g - a potion of magic {unknown}
 j - 3 potions of lignification {unknown}
 l - a potion of resistance {unknown}
 m - a potion of heal wounds {unknown}
 n - 3 potions of attraction {unknown}
 p - a potion of invisibility {unknown}
 w - a potion of haste {unknown}
 z - a potion of cancellation {unknown}
 A - a potion of ambrosia {unknown}


   Skills:
 + Level 8.0 Fighting
 + Level 10.1 Axes
 + Level 8.2 Armour
 + Level 4.1 Dodging
 + Level 1.4 Stealth


You had 9 spell levels left.
You didn't know any spells.
Your spell library was empty.

Dungeon Overview and Level Annotations

Branches:
Dungeon (7/15)             Temple (0/1) D:7           Sewer (visited)
Ossuary (visited)

Altars:
Ashenzari
Dithmenos
Elyvilon
Fedhas
Nemelex Xobeh
Okawaru
Ru
Trog
Uskayaw
Wu Jian
Xom
Zin

Shops:
D:1 [


Innate Abilities, Weirdness & Mutations

You are immune to sickness and miasma.
Your stone body is resilient. (AC +7)
You are immune to poison.
You resist negative energy. (rN+)
You are resistant to electric shocks. (rElec)
You are resistant to unholy torment.
You are immune to petrification.


Message History

* * * LOW HITPOINT WARNING * * *
The hog bites you.
* * * LOW HITPOINT WARNING * * *
The wolf closely misses you. The wyvern barely misses you.
Your Fighting skill increases to level 8!
Your Axes skill increases to level 10!
Your Armour skill increases to level 8!
Your Dodging skill increases to level 4!
You barely miss the hog.
The hog is heavily wounded.
You miss the wolf. You slice the wyvern!!
You kill the wyvern!
Trog accepts your kill.
You barely miss the wolf. You completely miss the hog.
You rip and tear the barbed spikes from your body.
The wolf bites you but does no damage. The wolf bites you.
* * * LOW HITPOINT WARNING * * *
The hog closely misses you. The hog bites you.
* * * LOW HITPOINT WARNING * * *
The wolf bites you but does no damage. x2
You closely miss the hog.
The hog is heavily wounded.
You barely miss the wolf. You slash the black bear! You miss the wolf.
You slice the hog!!
You feel the power of Trog in you as your rage grows.
You kill the hog!
Trog accepts your kill. The wolf bites you but does no damage.
The hog bites you but does no damage. The wolf barely misses you.
The wolf closely misses you.
The black bear bites you but does no damage.
The black bear closely misses you. The black bear barely misses you.
The hog barely misses you. The wolf bites you.
* * * LOW HITPOINT WARNING * * *
You slash the hog!
The hog is almost dead.
You hit the black bear. You completely miss the wolf.
You barely miss the black bear. You slash the wolf!
The wolf bites you but does no damage. The wolf bites you.
* * * LOW HITPOINT WARNING * * *
The hog barely misses you. The black bear misses you. The black bear claws you.
You die...

#..###.. #########....##
##. #:.(.[.|#...# #.
#.[.$.?.#...## ##. ####
#.......#.....####).
##...##..k....#. #.......
##.#...#hhh....# ###...##
## .......###hh'###...
##.## #.#
#......h@hh...... ##.# >.
#.......h......####..# .
#....................###
## ####
##..##########..####..#.
.## #..# #.........# #..#
##...
..###..####.........# #..#
#..#
..............####.<###..#
###.## ###...###..#..#
#.......###...# .###.##
##....# ##...........#.#


You could see a hog, 5 black bears, a wyvern and 3 wolves.

Vanquished Creatures
  2 death yaks (D:7)
  Pikel (D:5)
  A manticore (D:7)
  Grinder (D:5)
  A wyvern (D:7)
  A hog (D:7)
  Duvessa (D:4)
  2 black bears (D:6)
  An ice beast (D:5)
  2 ogres
  A centaur (D:6)
  2 lemures (D:5)
  An elf zombie (Ossuary)
  Blork the orc (D:4)
  2 brain worms (Sewer)
  6 scorpions
  A gnoll sergeant (D:7)
  Dowan (D:4)
  A bombardier beetle (D:4)
  2 jellies (D:6)
  2 centaur zombies (Ossuary)
  2 human zombies (Ossuary)
  An orc priest (D:5)
  3 hounds
  A sleepcap (D:7)
  3 iguanas
  6 orc wizards
  4 hound zombies (Ossuary)
  3 mummies
  10 adders
  8 gnolls (D:7)
  2 river rats (Sewer)
  A shadow imp (D:6)
  6 ufetubi
  7 adder zombies (Ossuary)
  2 dart slugs
  2 ribbon worms
  24 orcs
  8 endoplasms
  9 giant cockroaches
  3 gnoll zombies (Ossuary)
  6 goblins
  10 hobgoblins
  13 jackals
  11 quokkas
  9 ball pythons
  11 bats
  6 frilled lizards
  5 jackal zombies (Ossuary)
  9 kobolds
  7 kobold zombies (Ossuary)
  6 orc zombies (Ossuary)
  13 rats
244 creatures vanquished.

Vanquished Creatures (collateral kills)
  A gnoll (D:7)
1 creature vanquished.

Grand Total: 245 creatures vanquished

Notes
Turn   | Place    | Note
-------+----------+-------------------------------------------
     0 | D:1      | Gargoyl the Gargoyle Berserker began the quest for the Orb.
     0 | D:1      | Reached XP level 1. HP: 14/14 MP: 1/1
    71 | D:1      | Reached XP level 2. HP: 6/19 MP: 2/2
   209 | D:1      | Found Exkeps's Armour Emporium.
   267 | D:1      | Reached skill level 3 in Axes
   388 | D:1      | Reached XP level 3. HP: 24/24 MP: 3/3
   415 | D:1      | Reached ** piety under Trog
  1055 | D:2      | Reached XP level 4. HP: 25/29 MP: 4/4
  1488 | D:2      | Found a faded altar of an unknown god.
  2007 | D:3      | Reached XP level 5. HP: 33/33 MP: 5/5
  2161 | D:3      | Reached skill level 4 in Axes
  2217 | D:3      | Reached *** piety under Trog
  2643 | D:4      | Noticed Blork the orc
  2658 | D:4      | Killed Blork the orc
  2659 | D:4      | Reached XP level 6. HP: 35/38 MP: 6/6
  2660 | D:4      | Found a sand-covered staircase.
  2676 | Ossuary  | Entered an ossuary
  2753 | Ossuary  | Reached skill level 5 in Axes
  2832 | Ossuary  | Reached **** piety under Trog
  2841 | Ossuary  | Reached XP level 7. HP: 44/44 MP: 7/7
  2860 | Ossuary  | Reached skill level 6 in Axes
  3086 | D:4      | Found a shimmering altar of Xom.
  3092 | D:4      | Found a glowing silver altar of Zin.
  3101 | D:4      | Found an ornate altar of the Wu Jian Council.
  3391 | D:4      | Found a sacrificial altar of Ru.
  3520 | D:4      | Found a broken altar of Ashenzari.
  3545 | D:4      | Noticed Duvessa
  3545 | D:4      | Noticed Dowan
  3566 | D:4      | Killed Duvessa
  3567 | D:4      | Reached XP level 8. HP: 48/48 MP: 8/8
  3579 | D:4      | Killed Dowan
  3580 | D:4      | Reached skill level 5 in Fighting
  3580 | D:4      | Found a hide-covered altar of Uskayaw.
  3600 | D:4      | Found a white marble altar of Elyvilon.
  3604 | D:4      | Found a bloodstained altar of Trog.
  3919 | D:5      | Entered Level 5 of the Dungeon
  3967 | D:5      | Reached skill level 7 in Axes
  4015 | D:5      | Reached skill level 5 in Armour
  4063 | D:5      | Noticed Pikel
  4080 | D:5      | Killed Pikel
  4081 | D:5      | Reached skill level 8 in Axes
  4090 | D:5      | Reached XP level 9. HP: 46/55 MP: 9/9
  4213 | D:5      | Noticed Grinder
  4216 | D:5      | Paralysed by Grinder for 2 turns
  4233 | D:5      | Killed Grinder
  4653 | D:5      | Found a blossoming altar of Fedhas.
  4715 | D:6      | Found a shadowy altar of Dithmenos.
  4756 | D:6      | Found a sparkling altar of Nemelex Xobeh.
  4946 | D:6      | Found a glowing drain.
  4963 | Sewer    | Entered a sewer
  5001 | Sewer    | Reached ***** piety under Trog
  5367 | D:6      | Found an iron altar of Okawaru.
  5742 | D:7      | Reached skill level 9 in Axes
  5997 | D:7      | Found a staircase to the Ecumenical Temple.
  6400 | D:7      | Found a runed translucent gate.
  6400 | D:7      | Noticed a death yak
  6401 | D:7      | Found a runed translucent gate.
  6401 | D:7      | Found a runed translucent gate.
  6401 | D:7      | Noticed a death yak
  6401 | D:7      | Noticed a manticore
  6413 | D:7      | Killed a death yak
  6414 | D:7      | Reached skill level 1 in Stealth
  6414 | D:7      | Reached XP level 10. HP: 48/64 MP: 10/10
  6415 | D:7      | Killed a manticore
  6416 | D:7      | Killed a death yak
  6416 | D:7      | HP: 4/96 [hog (5)]
  6417 | D:7      | Reached skill level 10 in Axes
  6419 | D:7      | Slain by a black bear

Illustrated notes

Levels and vault maps discovered:
D:1:      ebering_trefoil_twist, layout_basic, serial_shops, shop,
          serial_forest, infiniplex_forest_lined_corner,
          infiniplex_forest_lined_room_2, infiniplex_forest_lined_1,
          infiniplex_forest_end_3, infiniplex_forest_lined_2,
          infiniplex_forest_clump_curved, infiniplex_forest_straight_5,
          infiniplex_forest_straight_1, minmay_box_of_dots
D:2:      minmay_door_path, layout_basic,
          dreamdust_ecumenical_altar_angels_and_demons,
          chequers_serial_rivers_micro_b, nrook_loot_triangle
D:3:      layout_basic
D:4:      layout_basic, mainiacjoe_overflow_cross_hatched,
          nicolae_ru_great_annihilating_truth, minitemple,
          minmay_overflow_temple_star_quad, gup_ossuary_entry_pyramid,
          serial_curves, eino_curves_03, eino_curves_04, eino_curves_04,
          uniq_duvessa, uniq_blork_the_orc
D:5:      layout_gridville, kennysheep_mini_moat, uniq_grinder, uniq_pikel
D:6:      minmay_evil_eye, layout_gridville, nemelex_spade_bored_becter,
          mainiacjoe_overflow_paths, lemuel_tele_altar, gup_sewer_entry_pipe
D:7:      lemuel_bear_cage, layout_layer_cave, temple_hall

Skill      XL: |  1  2  3  4  5  6  7  8  9 10 |
---------------+-------------------------------+-----
Axes           | 3 4 5 6 8 9 10 | 10.1
Dodging        | 2 3 4 |  4.1
Armour         | 3 4 6 7 8 |  8.2
Fighting       | 4 5 7 8 |  8.0
Stealth        | 1 |  1.4

Action                     |  1- 3 |  4- 6 |  7- 9 | 10-12 || total
---------------------------+-------+-------+-------+-------++-------
  Melee: Hand axe          |   109 |    84 |       |       ||   193
         Broad axe         |       |   124 |   410 |     6 ||   540
         Punch             |       |     4 |     3 |       ||     7
 Invoke: Berserk           |     1 |     3 |     6 |       ||    10
         Trog's Hand       |       |       |     5 |       ||     5
         Brothers in Arms  |       |       |     1 |       ||     1
    Use: Scroll            |     1 |     4 |     8 |       ||    13
 Armour: Animal skin       |    67 |       |       |       ||    67
         Scale mail        |    17 |   203 |   410 |    23 ||   653
  Dodge: Dodged            |   103 |   156 |   349 |    17 ||   625

Table legend: (Time is in decaauts)
 A = Elapsed time spent in this place.
 B = Non-inter-level travel time spent in this place.
 C = Inter-level travel time spent in this place.
 D = Time resting spent in this place.
 E = Time spent auto-exploring this place.
 F = Levels seen in this place.
 G = Mean time per level.
                   A        B        C        D        E       F      G
               +--------+--------+--------+--------+--------+-----+--------+
         Total |   6730 |   6600 |    130 |      0 |   4459 |   9 |  747.8 |
       Dungeon |   6011 |   5881 |    130 |      0 |   4182 |   7 |  858.7 |
         Sewer |    424 |    424 |      0 |      0 |    187 |   1 |  424.0 |
       Ossuary |    294 |    294 |      0 |      0 |     90 |   1 |  294.0 |
               +--------+--------+--------+--------+--------+-----+--------+

Top non-repeatable levels by time:
     D:2: 1190 daAuts
     D:4: 1069 daAuts
     D:5: 818 daAuts
     D:1: 809 daAuts
     D:7: 769 daAuts
     D:3: 700 daAuts
     D:6: 653 daAuts
   Sewer: 424 daAuts
 Ossuary: 294 daAuts
